 Dungeon Crawl Stone Soup version 0.23-a0-558-g30802b1 (webtiles) character file.

63 Lanoc the Chopper (level 4, -2/41 HPs)
             Began as a Hill Orc Chaos Knight on Dec 11, 2018.
             Was a Plaything of Xom.
             Slain by a white imp (3 damage)
             ... summoned by Natasha
             ... on level 2 of the Dungeon.
             The game lasted 00:02:15 (972 turns).

Lanoc the Chopper (Hill Orc Chaos Knight)            Turns: 972, Time: 00:02:17

Health: -2/41      AC:  5    Str: 14 (15) XL:     4   Next: 9%
Magic:  4/4        EV: 11    Int:  9 (12) God:    Xom [.*....]
Gold:   40         SH:  0    Dex:  7 (10) Spells: 3/3 levels left

rFire    . . .     SeeInvis .   a - +0 hand axe (chaos)
rCold    . . .     Gourm    .   (no shield)
rNeg     . . .     Faith    .   b - +2 leather armour
rPois    .         Spirit   .   (no helmet)
rElec    .         Reflect  .   (no cloak)
rCorr    .         Harm     .   (no gloves)
MR       .....                  (no boots)
Stlth    +.........             (no amulet)
HPRegen  0.13/turn              (no ring)
MPRegen  0.09/turn              (no ring)

@: no status effects
A: no striking features
a: Renounce Religion


You were on level 2 of the Dungeon.
You worshipped Xom.
You were a plaything of Xom.
You were not hungry.

You visited 1 branch of the dungeon, and saw 2 of its levels.

You collected 40 gold pieces.

Inventory:

Hand Weapons
 a - a +0 hand axe of chaos (weapon)
Missiles
 j - 7 tomahawks of dispersal (quivered)
Armour
 b - a +2 leather armour (worn)
Scrolls
 e - a scroll of teleportation {unknown}
 g - a scroll of identify {unknown}
 i - a scroll of blinking {unknown}
Potions
 f - a potion of agility {unknown}
 h - a potion of curing {unknown}
Comestibles
 c - 4 rations


   Skills:
 + Level 4.7 Fighting
 + Level 5.0 Axes
 + Level 2.3 Armour
 + Level 1.0 Dodging
 + Level 0.4 Stealth


You had 3 spell levels left.
You didn't know any spells.
Your spell library was empty.

Dungeon Overview and Level Annotations

Branches:
Dungeon (2/15)

Altars:

Annotations:
D:2 Natasha


Message History

You hit Natasha but do no damage.
Natasha is moderately wounded.
Natasha misses you.
You hit Natasha. You burn Natasha.
Natasha is heavily wounded. "Over there now!"
The crimson imp blinks!
The white imp blinks!
The rat blinks!
The white imp gestures at you. The puff of frost hits you!
* * * LOW HITPOINT WARNING * * *
The rat bites you but does no damage. Natasha closely misses you.
It was a potion of degeneration.
There was something very wrong with that liquid.
You feel weakened.
You feel dopey.
You feel clumsy.
Xom thinks this is hilarious!
The white imp hits you.
* * * LOW HITPOINT WARNING * * *
The white imp freezes you.
You die...
Xom laughs nastily!

#######'#.#...#.#..##
#.........#.#.# ..
#.........#.#.#(
#...$...†...#...
####.........#
#.........+
#....!...)#
#r5.......#
#.@.......#
#h######### ..§ #$..§
#.... #...5 #....
##### ## #.


You could see Natasha, a white imp and a rat.

Vanquished Creatures
  An adder (D:2)
  An ooze (D:1)
  3 worms (D:2)
  2 leopard geckos
  A ball python (D:1)
  6 bats
  4 giant cockroaches
  4 goblins
  A hobgoblin (D:2)
  7 frilled lizards
  3 kobolds
  6 rats
39 creatures vanquished.

Notes
Turn   | Place    | Note
-------+----------+-------------------------------------------
     0 | D:1      | Lanoc the Hill Orc Chaos Knight began the quest for the
                  | Orb.
     0 | D:1      | Reached XP level 1. HP: 19/19 MP: 1/1
    60 | D:1      | Reached XP level 2. HP: 15/27 MP: 2/2
    82 | D:1      | XOM: harmless Erth miscast
   404 | D:1      | XOM: divination: detect items
   489 | D:1      | Reached XP level 3. HP: 31/34 MP: 3/3
   653 | D:2      | XOM: cloud trail
   781 | D:2      | XOM: god gift: ration
   822 | D:2      | XOM: noise
   880 | D:2      | Reached skill level 1 in Dodging
   943 | D:2      | Reached skill level 5 in Axes
   945 | D:2      | Reached XP level 4. HP: 34/41 MP: 4/4
   947 | D:2      | Noticed Natasha
   971 | D:2      | XOM: blink monster(s)
   972 | D:2      | HP: 1/41 [white imp[Natasha] (3)]
   972 | D:2      | Slain by a white imp

Vault maps used:
D:1:      mrwooster_arrival_statue, kennysheep_doodads, minmay_lizard_king
D:2:      grunt_temple_overflow_holy_war, uniq_natasha

Skill      XL: |  1  2  3 |
---------------+----------+-----
Fighting       | 4 |  4.7
Dodging        | 1 |  1.0
Axes           | 5 |  5.0
Armour         | |  2.3
Stealth        | |  0.4

Action                   |  1- 3 |  4- 6 || total
-------------------------+-------+-------++-------
Melee: Hand axe          |   116 |    21 ||   137
  Use: Potion            |       |     1 ||     1
 Stab: Confused          |     2 |       ||     2
       Paralysed         |     2 |       ||     2
       Petrifying        |       |     1 ||     1
       Petrified         |       |     1 ||     1
Armor: Leather armour    |    41 |     1 ||    42
Dodge: Dodged            |    79 |     8 ||    87

Table legend:
 A = Non-vault XP
 B = Vault XP
 C = Vault XP percentage of total XP
 D = Non-vault monster count
 E = Vault monster count
 F = Vault count percentage of total count
                 A         B        C        D         E       F
            +---------+---------+-------+---------+---------+-------
      Total |      81 |       9 |  10.0 |      32 |       7 |  17.9
            +---------+---------+-------+---------+---------+-------
        D:1 |      32 |       9 |  22.0 |      16 |       7 |  30.4
        D:2 |      49 |       0 |   0.0 |      16 |       0 |   0.0
            +---------+---------+-------+---------+---------+-------
